 Dungeon Crawl Stone Soup version 0.32-a0-931-g5a2cda0630 (webtiles) character file.

Game seed: 17300572630957833960

40086 Meejax the Fencer (level 13, -1/98 (103) HPs)
             Began as a Demonspawn Gladiator on Apr 13, 2024.
             Was a High Priest of Makhleb.
             Killed from afar by a vampire mage (31 damage)
             ... with a bolt of negative energy
             ... on level 15 of the Dungeon.
             The game lasted 00:46:04 (16247 turns).

Meejax the Fencer (Demonspawn Gladiator)           Turns: 16247, Time: 00:46:06

HP:   -1/98 (103)   AC: 29    Str: 16    XL:     13   Next: 72%
MP:   28/28         EV: 21    Int:  8    God:    Makhleb [*****.]
Gold: 737           SH:  4    Dex: 25    Spells: 12/12 levels left

rFire   . . .        l - +2 triple sword "Atecrarr" {pain, rC+ Dex+4}
rCold   + . .        (shield currently unavailable)
rNeg    . . .        A - +0 acid dragon scales
rPois   .            (no helmet)
rElec   .            a - +2 cloak
rCorr   +            h - +0 pair of gloves
SInv    .            (no boots)
Will    .....        (no amulet)
Stlth   ++           g - ring of magical power
HPRegen 0.36/turn    K - +5 ring of evasion
MPRegen 0.21/turn

%: no passive effects
@: sanguine armoured, lightly drained
A: hooves 1, foul stench 1, icemail 2, sanguine armour 2, condensation shield,
agile 1, no potion heal 1
a: Renounce Religion, Minor Destruction, Lesser Servant of Makhleb, Major
Destruction, Greater Servant of Makhleb


You were on level 15 of the Dungeon.
You worshipped Makhleb.
Makhleb was extremely pleased with you.
You visited 2 branches of the dungeon, and saw 16 of its levels.

You collected 765 gold pieces.
You spent 28 gold pieces at shops.

Inventory:

Hand Weapons
 l - the +2 triple sword "Atecrarr" (weapon) {pain, rC+ Dex+4}
   (You acquired it on level 7 of the Dungeon)

   Dex+4:     It affects your dexterity (+4).
   rC+:       It protects you from cold.
 C - a +0 great sword of flaming
Missiles
 e - 14 javelins
 t - 5 silver javelins
Armour
 a - a +2 cloak (worn)
 b - a +0 leather armour
 c - a +0 helmet
 h - a +0 pair of gloves (worn)
 i - a +0 scale mail
 n - the +0 robe of the Frog {Regen+ rCorr}
   (You found it on level 3 of the Dungeon)

   Regen+:    It increases your rate of health regeneration.
   rCorr:     It protects you from acid and corrosion.
 A - +0 acid dragon scales (worn)
Jewellery
 g - a ring of magical power (left hand)
 y - a ring of magical power
 E - a ring of see invisible
 K - a +5 ring of evasion (right hand)
 L - a ring of protection from cold
Wands
 q - a wand of polymorph (16)
 w - a wand of roots (18)
 x - a wand of mindburst (8)
Scrolls
 d - 2 scrolls of enchant weapon
 j - 2 scrolls of teleportation
 m - a scroll of fog
 p - 3 scrolls of fear
 u - a scroll of brand weapon {unknown}
 z - 4 scrolls of poison
 F - 3 scrolls of identify
 H - a scroll of summoning
 I - a scroll of silence
 J - a scroll of immolation
Potions
 f - 2 potions of heal wounds
 k - 3 potions of curing
 o - 2 potions of enlightenment
 r - a potion of berserk rage
 s - 7 potions of ambrosia
 v - 2 potions of attraction
 B - a potion of resistance
 D - a potion of cancellation
 G - a potion of haste


   Skills:
 + Level 10.0 Fighting
 + Level 15.8 Long Blades
 - Level 2.0 Throwing
 + Level 7.3 Armour
 + Level 7.2 Dodging
 - Level 0.4 Stealth
 + Level 5.0 Shields
 + Level 8.8 Invocations


You had 12 spell levels left.
You didn't know any spells.
Your spell library contained the following spells:

 Spells                   Type           Power      Damage    Failure   Level
 Magic Dart               Conj           0%         1d3       50%         1
 Blink                    Tloc           0%         N/A       65%         2
 Call Imp                 Summ           0%         N/A       65%         2
 Ensorcelled Hibernation  Hex/Ice        0%         N/A       65%         2
 Static Discharge         Conj/Air       0%         3-3/arc   65%         2
 Call Canine Familiar     Summ           0%         N/A       86%         3
 Fugue of the Fallen      Necr           0%         N/A       86%         3
 Inner Flame              Hex/Fire       0%         N/A       86%         3
 Ozocubu's Armour         Ice            0%         N/A       86%         3
 Passwall                 Erth           0%         N/A       86%         3
 Sigil of Binding         Hex            0%         N/A       86%         3
 Swiftness                Air            0%         N/A       86%         3
 Airstrike                Air            0%         2d(0-16)  99%         4
 Anguish                  Hex/Necr       0%         N/A       99%         4
 Dimensional Bullseye     Hex/Tloc       0%         N/A       99%         4
 Flame Wave               Conj/Fire      0%         2d4       99%         4
 Ignite Poison            Fire/Alch      0%         N/A       99%         4
 Sticky Flame             Fire/Alch      0%         2d4       99%         4
 Summon Blazeheart Golem  Fire/Summ      0%         N/A       99%         4
 Summon Lightning Spire   Summ/Air       0%         N/A       99%         4
 Summon Forest            Summ/Tloc      0%         N/A       100%        5
 Summon Mana Viper        Hex/Summ       0%         N/A       100%        5
 Dispersal                Tloc           0%         N/A       100%        6
 Gell's Gavotte           Tloc           0%         2d(11-16) 100%        6
 Summon Cactus Giant      Summ           0%         N/A       100%        6
 Manifold Assault         Tloc           0%         N/A       100%        7
 Orb of Destruction       Conj           0%         9d5       100%        7
 Spellforged Servitor     Conj/Summ      0%         N/A       100%        7
 Disjunction              Tloc           0%         N/A       100%        8
 Ignition                 Fire           0%         3d3       100%        8


Dungeon Overview and Level Annotations

Branches:
Dungeon (15/15)            Temple (1/1) D:4            Lair (0/5) D:8
    Orc (0/2) D:12         Vaults (0/5) D:14
 Depths: D:15

Altars:
Ashenzari
Cheibriados
Dithmenos
Fedhas
Gozag
Hepliaklqana
Kikubaaqudgha
Makhleb
Nemelex Xobeh
Okawaru
Qazlal
Ru
Sif Muna
Trog
Uskayaw
Vehumet
Wu Jian
Xom
Yredelemnul
Lugonu

Shops:
D:2 =   D:4 *   D:5 :   D:12 *   D:14 ?(=

Portals:
Abyss: D:3
Trove: D:14 (give 15 potions of curing)

Annotations:
D:14 1 runed translucent door


Innate Abilities, Weirdness & Mutations

You have large cloven feet.
You may rarely emit foul miasma when damaged in melee.
A meltable icy envelope protects you from harm. (AC +8)
When seriously injured, your blood forms thick armour. (AC +9)
A meltable shield of frost defends you. (SH +4)
You are agile. (Dex +4, Str/Int -1)
Potions are less effective at restoring your health.


Message History

The spark wasp zombie hits you. The skeletal warrior misses you.
You hit the spark wasp zombie but do no damage.
You kick the spark wasp zombie, but do no damage.
The spark wasp zombie is heavily damaged.
The spark wasp zombie hits you but does no damage.
The skeletal warrior hits you with a +0 war axe!
The spark wasp zombie closely misses you.
You hit the spark wasp zombie.
The spark wasp zombie is heavily damaged.
You block the spark wasp zombie's attack.
The skeletal warrior hits you with a +0 war axe!
You barely miss the spark wasp zombie.
You kick the spark wasp zombie, but do no damage.
The spark wasp zombie is heavily damaged.
The spark wasp zombie closely misses you.
The skeletal warrior hits you with a +0 war axe!!
Your blood congeals into armour.
You chop the spark wasp zombie into pieces!!!
The spark wasp zombie is almost destroyed.
The spark wasp zombie hits you but does no damage.
The skeletal warrior hits you with a +0 war axe!
The spark wasp zombie closely misses you.
You hit the spark wasp zombie but do no damage.
You kick the spark wasp zombie, but do no damage.
The spark wasp zombie is almost destroyed.
The spark wasp zombie closely misses you.
The skeletal warrior closely misses you.
You hit the spark wasp zombie.
You kick the spark wasp zombie, but do no damage.
The spark wasp zombie is almost destroyed.
The spark wasp zombie hits you but does no damage.
The skeletal warrior hits you with a +0 war axe!
Something hits you but does no damage. Something bites you but does no damage.
The spark wasp zombie attacks as it pursues you!
The spark wasp zombie hits you!
* * * LOW HITPOINT WARNING * * *
You hear some strange, mumbled words.
A bolt of negative energy appears from out of thin air!
The bolt of negative energy hits you!!
You feel drained.
You die...

...........#..#.....#....
ß.ß........#..#.....#....
...ß.......#..#.....#
.......... #..#.....#
Pß.P.....###..#....?#
.........#....#.....#
......{..#....#.....#
......z.Z#....'.....#
........@.....#######
........P.PPPPPP
###.....P.P...P..
#.....P.PPP.PPP.P
#.....P....... P
#.....PPPPP.P.P
#.....P.....P...
....).PPP.PPP P.


You could see a skeletal warrior and a spark wasp zombie.

Vanquished Creatures
  Frances (D:14)
  A vault guard (D:14)
  A catoblepas (D:15)
  2 hydras (D:13)
  4 centaur warriors
  2 boulder beetles
  4 two-headed ogres
  A storm dragon zombie (D:15)
  Urug (D:11)
  A skeletal warrior (D:15)
  2 arcanists (D:14)
  The ghost of jkt the Jinx, a novice SpEn of Gozag (D:10)
  Pikel (D:5)
  A necromancer (D:15)
  2 deep elf pyromancers
  2 ugly things (D:13)
  2 orc knights (D:14)
  6 meliai (D:13)
  5 cyclopes
  4 manticores
  2 gargoyles
  2 kobold demonologists (D:9)
  Maggie (D:8)
  An unseen horror (D:12)
  A rime drake (shapeshifter) (D:14)
  Psyche (D:12)
  A queen bee (D:13)
  A hornet (D:9)
  4 trolls
  Sigmund (D:5)
  10 slime creatures (D:12)
  A wyvern (D:8)
  A spriggan (shapeshifter) (D:13)
  2 shadows
  2 wraiths (D:11)
  A vampire (D:10)
  33 yaks
  3 steam dragons (D:9)
  11 vampire mosquitoes
  An acid dragon (D:10)
  A water moccasin (D:7)
  Duvessa (D:6)
  2 orc warriors
  2 ice beasts (D:7)
  A black bear (D:5)
  3 ogres
  2 lemures (D:5)
  4 wolves (D:8)
  3 centaurs
  2 kobold brigands
  4 bullfrogs
  A scorpion (D:6)
  5 wights (D:8)
  Dowan (D:6)
  27 killer bees
  2 bombardier beetles
  7 electric eels
  3 jellies
  7 orc priests
  6 hounds
  An iron imp (D:3)
  A sleepcap (D:6)
  An iguana (D:6)
  5 orc wizards
  8 gnolls
  5 adders
  2 shadow imps
  A white imp (D:6)
  3 ribbon worms
  2 dart slugs
  44 orcs
  6 endoplasms
  4 giant cockroaches
  8 goblins
  4 hobgoblins
  9 jackals
  3 quokkas
  8 ball pythons
  9 bats
  5 frilled lizards
  18 kobolds
  2 rats
357 creatures vanquished.

Vanquished Creatures (collateral kills)
  Josephine (D:11)
  3 wraiths (D:11)
  A yak (D:6)
  An electric eel (D:11)
  2 kobolds (D:11)
8 creatures vanquished.

Vanquished Creatures (others)
  An arcanist (D:14)
  An orc (D:7)
2 creatures vanquished.

Grand Total: 367 creatures vanquished

Notes
Turn   | Place    | Note
-------+----------+-------------------------------------------
     0 | D:1      | Meejax the Demonspawn Gladiator began the quest for the
                  | Orb.
     0 | D:1      | Reached XP level 1. HP: 16/16 MP: 1/1
   139 | D:1      | Gained mutation: When seriously injured, your blood forms
                  | armour. (AC +9) [demonic ancestry]
   139 | D:1      | Reached XP level 2. HP: 19/22 MP: 2/2
   273 | D:1      | Reached skill level 3 in Long Blades
   341 | D:1      | Gained mutation: You have large cloven feet. [demonic
                  | ancestry]
   341 | D:1      | Reached XP level 3. HP: 27/27 MP: 3/3
  1182 | D:2      | Gained mutation: A meltable shield of frost defends you.
                  | (SH +4) [demonic ancestry]
  1182 | D:2      | Reached XP level 4. HP: 34/34 MP: 4/4
  1188 | D:2      | Reached skill level 1 in Armour
  1465 | D:2      | Found Fukh's Jewellery Boutique.
  1733 | D:3      | Found a radiant altar of Vehumet.
  1820 | D:3      | Reached skill level 4 in Long Blades
  1820 | D:3      | Reached XP level 5. HP: 27/39 MP: 5/5
  1837 | D:3      | Found a large runed translucent door.
  1837 | D:3      | Found a large runed translucent door.
  1839 | D:3      | Found a corrupted altar of Lugonu.
  2103 | D:3      | Found a shimmering blue altar of Sif Muna.
  2156 | D:3      | Identified the +0 robe of the Frog {Regen+ rCorr}
  2159 | D:3      | Found a one-way gate to the infinite horrors of the Abyss.
  2251 | D:3      | Found a burning altar of Makhleb.
  2273 | D:3      | Became a worshipper of Makhleb the Destroyer
  2551 | D:3      | Found a faded altar of an unknown god.
  2932 | D:4      | Gained mutation: A meltable icy envelope protects you from
                  | harm. (AC +8) [demonic ancestry]
  2932 | D:4      | Reached XP level 6. HP: 38/46 MP: 6/6
  3190 | D:4      | Found a staircase to the Ecumenical Temple.
  3245 | D:4      | Found a broken altar of Ashenzari.
  3254 | D:4      | Reached skill level 1 in Invocations
  3276 | D:4      | Found a shadowy altar of Dithmenos.
  3631 | D:4      | Reached * piety under Makhleb
  3653 | D:4      | Found Eddaaviw's Serpentskin Sales.
  3950 | Temple   | Entered the Ecumenical Temple
  3976 | D:5      | Entered Level 5 of the Dungeon
  4068 | D:5      | Noticed an orc warrior
  4105 | D:4      | Killed an orc warrior
  4106 | D:4      | Reached skill level 5 in Long Blades
  4237 | D:5      | Reached skill level 1 in Shields
  4237 | D:5      | Reached XP level 7. HP: 51/51 MP: 8/8
  4237 | D:5      | Noticed Sigmund
  4262 | D:5      | Killed Sigmund
  4835 | D:5      | Noticed Pikel
  4904 | D:5      | Killed Pikel
  4905 | D:5      | Reached skill level 6 in Long Blades
  4905 | D:5      | Gained mutation: A meltable icy envelope protects you from
                  | harm. (AC +8) [demonic ancestry]
  4905 | D:5      | Reached XP level 8. HP: 57/60 MP: 9/11
  5017 | D:5      | Found Piomeorghui's Book Boutique.
  5512 | D:6      | Noticed Dowan
  5513 | D:6      | Noticed Duvessa
  5550 | D:6      | Killed Dowan
  5779 | D:6      | Gained mutation: You have a pair of small antennae on your
                  | head. [potion of mutation]
  5779 | D:6      | Gained mutation: Your natural rate of healing is unusually
                  | fast. [potion of mutation]
  5805 | D:6      | Killed Duvessa
  5806 | D:6      | Reached skill level 7 in Long Blades
  5806 | D:6      | Reached skill level 5 in Invocations
  5916 | D:6      | Reached XP level 9. HP: 54/66 MP: 12/12
  6911 | D:7      | Reached skill level 5 in Armour
  6961 | D:7      | Reached skill level 8 in Long Blades
  7021 | D:7      | Reached ** piety under Makhleb
  7099 | D:7      | Found a stormy altar of Qazlal.
  7192 | D:7      | Identified a scroll of acquirement
  7192 | D:7      | Acquired the +2 triple sword "Atecrarr" {pain, rC+ Dex+4}
  7217 | D:7      | Reached skill level 5 in Fighting
  8416 | D:8      | Noticed a troll
  8419 | D:8      | Noticed Maggie
  8422 | D:8      | Killed a troll
  8423 | D:8      | Reached skill level 9 in Long Blades
  8430 | D:8      | Killed Maggie
  8431 | D:8      | Gained mutation: When seriously injured, your blood forms
                  | thick armour. (AC +9) [demonic ancestry]
  8431 | D:8      | Reached XP level 10. HP: 33/75 MP: 14/14
  8653 | D:8      | Found a hide-covered altar of Uskayaw.
  8806 | D:8      | Found a staircase to the Lair.
  8983 | D:8      | Reached *** piety under Makhleb
  9372 | D:9      | Reached skill level 10 in Long Blades
  9538 | D:9      | Noticed a two-headed ogre
  9555 | D:9      | Reached skill level 11 in Long Blades
  9557 | D:9      | Killed a two-headed ogre
  9558 | D:9      | Reached skill level 5 in Dodging
  9558 | D:9      | Reached XP level 11. HP: 73/83 MP: 15/15
 10221 | D:10     | Entered Level 10 of the Dungeon
 10446 | D:10     | Noticed a centaur warrior
 10456 | D:10     | Killed a centaur warrior
 10541 | D:10     | Found a runed translucent door.
 10541 | D:10     | Noticed jkt's ghost (novice SpEn)
 10643 | D:9      | Reached skill level 12 in Long Blades
 10767 | D:10     | Noticed a two-headed ogre
 10810 | D:9      | Killed a two-headed ogre
 10819 | D:9      | Reached **** piety under Makhleb
 11352 | D:11     | Noticed Josephine
 11362 | D:11     | Noticed Urug
 11365 | D:11     | Killed Josephine
 11371 | D:11     | Killed Urug
 11588 | D:11     | Noticed a boulder beetle
 11630 | D:11     | Killed a boulder beetle
 11631 | D:11     | Gained mutation: You may rarely emit foul miasma when
                  | damaged in melee. [demonic ancestry]
 11631 | D:11     | Reached XP level 12. HP: 92/92 MP: 17/17
 11733 | D:11     | Reached skill level 13 in Long Blades
 12490 | D:12     | Noticed Psyche
 12496 | D:12     | Killed Psyche
 12574 | D:12     | Found a blossoming altar of Fedhas.
 12760 | D:12     | Found a staircase to the Orcish Mines.
 12963 | D:12     | Found Omeluf's Assorted Antiques.
 13216 | D:13     | Reached skill level 14 in Long Blades
 13283 | D:13     | Reached ***** piety under Makhleb
 13339 | D:13     | Noticed an eight-headed hydra
 13344 | D:13     | Killed a six-headed hydra
 13643 | D:13     | Noticed a centaur warrior
 13660 | D:13     | Killed a centaur warrior
 13687 | D:13     | Noticed a boulder beetle
 13700 | D:13     | Killed a boulder beetle
 13761 | D:13     | Reached XP level 13. HP: 101/101 MP: 19/19
 14087 | D:14     | Found Ibrasydo's Jewellery Emporium.
 14307 | D:14     | Reached skill level 15 in Long Blades
 14391 | D:14     | Found Howkycom's Magic Scroll Boutique.
 14395 | D:14     | Bought a scroll of identify for 28 gold pieces
 14407 | D:14     | Found a runed translucent door.
 14408 | D:14     | Noticed a fire giant
 14518 | D:14     | Found a shadowy altar of Dithmenos.
 14561 | D:14     | Noticed Frances
 14579 | D:14     | Killed Frances
 14637 | D:14     | Found Suda's Weapon Shop.
 14844 | D:14     | Found a portal to a secret trove of treasure.
 14866 | D:14     | Found a gate to the Vaults.
 14886 | D:14     | Reached skill level 5 in Shields
 15069 | D:10     | Killed jkt's ghost
 15787 | D:15     | Entered Level 15 of the Dungeon
 15808 | D:14     | Lost mutation: You have a pair of small antennae on your
                  | head. [potion of mutation]
 15808 | D:14     | Lost mutation: Your natural rate of healing is unusually
                  | fast. [potion of mutation]
 15808 | D:14     | Gained mutation: Potions are less effective at restoring
                  | your health. [potion of mutation]
 15808 | D:14     | Gained mutation: You are agile. (Dex +4, Str/Int -1)
                  | [potion of mutation]
 15906 | D:14     | Noticed a frost giant
 16008 | D:15     | Reached skill level 10 in Fighting
 16247 | D:15     | Killed from afar by a vampire mage

Illustrated notes

Levels and vault maps discovered:
D:1:      dpeg_arrival_rooms_a, layout_basic
D:2:      layout_basic, serial_shops, shop
D:3:      due_chaos_kobolds, layout_basic, vehumet_crystals,
          overflow_temple_1_default, demons_altar, basic_ecumenical_altar
D:4:      layout_loops_ring, mainiacjoe_overflow_alcove_2, lemuel_crystal_altar,
          minmay_temple_entry_statues_pillars, guppyfry_shop_venom
D:5:      layout_basic, serial_shops, shop, corexii_checkpoint,
          minmay_misc_feat_tiny, chequers_decorated_corner, uniq_pikel,
          uniq_sigmund
D:6:      cheibrodos_quashed, layout_cave_pods, lemuel_doored_altar,
          uniq_duvessa
D:7:      layout_layer_cave, grunt_qazlal_clouds
D:8:      layout_loops_ring, mainiacjoe_overflow_brackets, erik_lair_island,
          serial_rivers, chequers_serial_rivers_micro_a,
          chequers_serial_rivers_micro_c, chequers_serial_rivers_small_a,
          chequers_serial_rivers_large_b, chequers_serial_rivers_room_a,
          uniq_maggie
D:9:      layout_loops_ring, kennysheep_mini, hangedman_decor_riveting,
          minmay_misc_feat_ornament
D:10:     layout_gridville, gammafunk_ghost_grave, nicolae_fountain_basement
D:11:     layout_basic, uniq_josephine, uniq_urug
D:12:     layout_small_grid, orc_0_dummy, serial_shops, nicolae_shop_crystal,
          fedhas_altar_3, uniq_psyche
D:13:     layout_roguey [special_room_bee]
D:14:     layout_loops_ring, david_vaults_1, enter_trove_5,
          grunt_dithmenos_smoke, serial_shops, nicolae_take_the_stairs,
          nicolae_shop_tiny_glass, shop, minivault_13, uniq_frances
D:15:     gammafunk_depths_entry_grave, layout_irregular_city, minmay_hedge_maze
Temple:   compressed_dpeg_triangle_lava_temple

Skill      XL: |  1  2  3  4  5  6  7  8  9 10 11 12 13 |
---------------+----------------------------------------+-----
Dodging        | 3 4 5 6 7 |  7.2
Long Blades    | 3 4 5 6 7 9 11 12 14 15 | 15.8
Armour         | 1 2 4 5 6 7 |  7.3
Invocations    | 2 4 5 6 8 |  8.8
Shields        | 1 2 3 4 5 |  5.0
Fighting       | 3 4 5 6 7 9 10 | 10.0
Throwing       | 2 |  2.0
Stealth        | |  0.4

Action                     |  1- 3 |  4- 6 |  7- 9 | 10-12 | 13-15 || total
---------------------------+-------+-------+-------+-------+-------++-------
  Melee: Long sword        |   132 |   230 |   290 |       |       ||   652
         Kick              |    17 |    65 |   122 |   190 |    79 ||   473
         Triple sword      |       |       |    95 |   518 |   181 ||   794
         Great sword       |       |       |       |     2 |     7 ||     9
  Throw: Throwing net      |     1 |     2 |     3 |       |       ||     6
 Invoke: Minor Destruction |       |       |    14 |    24 |    10 ||    48
         Lesser Servant of |       |       |       |     4 |     2 ||     6
    Use: Scroll            |     5 |     2 |    10 |     8 |     1 ||    26
         Potion            |       |       |     5 |     2 |     3 ||    10
   Stab: Held in net/web   |     1 |       |     1 |       |       ||     2
         Invisible         |       |       |     4 |       |       ||     4
         Sleeping          |       |       |       |     2 |       ||     2
 Armour: Leather armour    |    78 |       |       |       |       ||    78
         Scale mail        |    39 |   164 |   281 |   169 |       ||   653
         Skin              |       |       |    10 |       |       ||    10
         Acid dragon scale |       |       |       |   349 |   238 ||   587
  Dodge: Dodged            |   130 |    96 |   198 |   372 |   210 ||  1006
  Block: Other             |       |    34 |    74 |    99 |    35 ||   242

Table legend: (Time is in decaauts)
 A = Elapsed time spent in this place.
 B = Non-inter-level travel time spent in this place.
 C = Inter-level travel time spent in this place.
 D = Time resting spent in this place.
 E = Time spent auto-exploring this place.
 F = Levels seen in this place.
 G = Mean time per level.
                   A        B        C        D        E       F      G
               +--------+--------+--------+--------+--------+-----+--------+
         Total |  16570 |  15077 |   1493 |   1603 |   9773 |  16 | 1035.6 |
       Dungeon |  16566 |  15073 |   1493 |   1603 |   9773 |  15 | 1104.4 |
        Temple |      4 |      4 |      0 |      0 |      0 |   1 |    4.0 |
               +--------+--------+--------+--------+--------+-----+--------+

Top non-repeatable levels by time:
     D:4: 1487 daAuts
     D:7: 1477 daAuts
     D:5: 1414 daAuts
     D:3: 1396 daAuts
    D:11: 1356 daAuts
     D:6: 1219 daAuts
    D:14: 1218 daAuts
     D:9: 1137 daAuts
     D:8: 1003 daAuts
    D:10: 959 daAuts
     D:2: 925 daAuts
     D:1: 920 daAuts
    D:13: 905 daAuts
    D:12: 811 daAuts
    D:15: 335 daAuts
